 Dungeon Crawl Stone Soup version 0.20-a0-958-g783e32d (webtiles) character file.

11 M4edhros the Grave Robber (level 2, -2/18 HPs)
             Began as an Octopode Necromancer on Apr 6, 2017.
             Slain by a kobold
             ... wielding a +0 short sword
              (4 damage)
             ... on level 1 of the Dungeon.
             The game lasted 00:00:30 (122 turns).

M4edhros the Grave Robber (Octopode Necromancer)     Turns: 122, Time: 00:00:30

Health: -2/18      AC:  1    Str:  7    XL:     2   Next: 25%
Magic:  5/5        EV: 13    Int: 17    God:
Gold:   33         SH:  0    Dex: 12    Spells: 4/5 levels left

rFire    . . .     SeeInvis .     - Unarmed
rCold    . . .     Gourm    .   (no shield)
rNeg     . . .     Faith    .   (helmet restricted)
rPois    .         Spirit   .   (no amulet)
rElec    .         Reflect  .   (no ring)
rCorr    .         Harm     .   (no ring)
MR       .....                  (no ring)
Stlth    +++.......             (no ring)
Regen    0.1/turn               (no ring)
MPRegen  0.1/turn               (no ring)
                                (no ring)
                                (no ring)

@: no status effects
A: almost no armour, stealthy swim, amphibious, 8 rings, constrict 8, camouflage
1, gelatinous body 1
a: no special abilities


You were on level 1 of the Dungeon.
You were not hungry.

You visited 1 branch of the dungeon, and saw 1 of its levels.

You collected 33 gold pieces.

Inventory:

Potions
 c - a potion of haste {unknown}
Books
 a - a book of Necromancy

   Spells                             Type                      Level
   a - Pain                           Necromancy                   1
   b - Animate Skeleton               Necromancy                   1
   c - Vampiric Draining              Necromancy                   3
   d - Regeneration                   Charms/Necromancy            3
   e - Animate Dead                   Necromancy                   4
   f - Control Undead                 Necromancy                   4
Comestibles
 b - a bread ration


   Skills:
 + Level 0.4 Fighting
 + Level 2.1 Dodging
 + Level 3.1 Stealth
 * Level 1.0 Unarmed Combat
 - Level 2.0 Spellcasting
 - Level 4.0 Necromancy


You had 4 spell levels left.
You knew the following spells:

 Your Spells              Type           Power        Failure   Level  Hunger
a - Pain                  Necr           ###.         3%          1    #......


Dungeon Overview and Level Annotations

Branches:
Dungeon (1/15)

Altars:


Innate Abilities, Weirdness & Mutations

You cannot wear most types of armour.
You are very stealthy in the water. (Stealth+)
You are amphibious.
You can wear up to eight rings at the same time.
You can use your tentacles to constrict eight enemies at once.
Your skin changes colour to match your surroundings (Stealth+).
Your rubbery body absorbs attacks. (AC +1, EV +1)


Message History

Your grab misses the giant cockroach. You squeeze the giant cockroach.
The giant cockroach is severely wounded.
The frilled lizard hisses.
The giant cockroach closely misses you.
You tentacle-slap the giant cockroach but do no damage.
Your grab misses the giant cockroach.
The giant cockroach is severely wounded.
The giant cockroach bites you.
* * * LOW HITPOINT WARNING * * *
You barely miss the giant cockroach. You grab the giant cockroach.
The giant cockroach is heavily wounded.
You constrict the giant cockroach. The giant cockroach bites you.
* * * LOW HITPOINT WARNING * * *
You tentacle-slap the giant cockroach.
You kill the giant cockroach!
Your Unarmed Combat skill increases to level 1!
You tentacle-slap the kobold. Your grab misses the kobold.
The kobold is severely wounded.
The kobold hits you with a short sword.
You die...

..#...........######
..#.###.......## .#
....# ..#.####.#
#... ..### ... ##.#
...# ......### #..#
#...# ...#..#
#..###.(.# ........
#.......###.
#.......
#.#..#...... .#.....
#.##@..#.# .......
#.lK..#..... ######.
#...#..# #...
#..##........ ....
#.....#.r ...#..
....### .. #. ..##..
. # .. ..# #####.#
... ...


You could see a kobold and a frilled lizard.

Vanquished Creatures
  A dart slug (D:1)
  2 giant cockroaches (D:1)
  2 hobgoblins (D:1)
  3 kobolds (D:1)
8 creatures vanquished.

Notes
Turn   | Place    | Note
-------+----------+-------------------------------------------
     0 | D:1      | M4edhros the Octopode Necromancer began the quest for the Orb.
     0 | D:1      | Reached XP level 1. HP: 11/11 MP: 3/3
    45 | D:1      | Reached XP level 2. HP: 6/17 MP: 5/5
   121 | D:1      | Reached skill level 1 in Unarmed Combat
   122 | D:1      | Slain by a kobold

Vault maps used:
D:1:      matt_arrival_spirals, grunt_decor_arrowhead,
          minmay_misc_feat_nine_boxes

Skill      XL: |  1  2 |
---------------+-------+-----
Stealth        | 3 |  3.1
Unarmed Combat | 1 |  1.0
Fighting       | |  0.4
Dodging        | |  2.1
Spellcasting   | |  2.0
Necromancy     | |  4.0

Action                   || total
-------------------------++-------
Melee: Unarmed           ||    23
       Constrict         ||     7
       Tentacles         ||     6
 Stab: Sleeping          ||     2
Armor: Skin              ||     2
Dodge: Dodged            ||     6
